Map: [ESL] Babylon

Players

Astra

  • Race: Protoss Protoss
  • Spawn Location: 5:00

Mixu - Winner!

  • Race: Zerg Zerg
  • Spawn Location: 11:00

Event: ESL SC2 Masters 2023 Summer (Finals)

VOD

Have the link to the VOD?

Description

Time

  • Played on: June 16, 2023, 10:43 a.m.
  • Length: 9:33

All games in this series

Show
View Real Time Build Order
Export as new Build Order

Astra Protoss 

Build Orders: Nexus First, Carrier Rush 

Get SALT Encoding   

  12  0:00  Probe  
  13  0:12  Probe  
  14  0:17  Pylon  
  14  0:28  Probe  
  15  0:40  Probe  
  16  0:52  Probe  
  17  1:00  Nexus  
  17  1:05  Probe  
  18  1:17  Gateway  
  18  1:19  Probe (Chrono Boost)  
  18  1:23  Assimilator  
  19  1:29  Probe (Chrono Boost)  
  20  1:34  Probe (Chrono Boost), Assimilator  
  21  1:45  Probe (Chrono Boost)  
  22  1:51  Pylon  
  22  1:58  Probe (Chrono Boost)  
  23  2:04  Cybernetics Core  
  23  2:09  Probe (Chrono Boost), Zealot  
  23  2:14  Probe (Chrono Boost)  
  29  2:23  Probe x2 (Chrono Boost)  
  29  2:28  Probe (Chrono Boost)  
  29  2:29  Probe  
  30  2:36  Gateway  
  31  2:40  Probe  
  31  2:41  Probe  
  33  2:46  Stalker  
  35  2:52  Warp Gate, Probe  
  35  2:56  Stargate  
  36  2:59  Probe  
  36  3:04  Probe  
  38  3:08  Shield Battery  
  38  3:11  Probe  
  39  3:15  Assimilator  
  39  3:17  Probe, Assimilator  
  40  3:22  Pylon  
  40  3:23  Probe  
  41  3:29  Adept x2  
  45  3:34  Probe  
  45  3:40  Probe  
  47  3:44  Fleet Beacon  
  47  3:52  Probe x2  
  47  3:55  Stargate  
  53  4:10  Probe  
  53  4:11  Void Ray  
  54  4:17  Probe  
  54  4:22  Pylon  
  54  4:30  Nexus  
  54  4:40  Probe  
  54  4:46  Probe, Carrier (Chrono Boost)  
  54  4:52  Probe  
  62  4:53  Pylon  
  62  4:54  Pylon  
  62  4:58  Probe  
  59  5:11  Carrier (Chrono Boost)  
  65  5:15  Probe  
  65  5:16  Probe  
  65  5:19  Nexus, Pylon  
  67  5:23  Twilight Council  
  67  5:29  Pylon  
  67  5:31  Probe  
  68  5:39  Protoss Air Weapons Level 1 (Chrono Boost)  
  69  5:45  Probe  
  69  5:47  Probe  
  76  5:50  Carrier (Chrono Boost)  
  76  5:54  Pylon  
  76  5:58  Probe  
  76  5:59  Probe  
  76  6:01  Charge (Chrono Boost)  
  78  6:07  Carrier (Chrono Boost)  
  84  6:12  Probe  
  84  6:16  Zealot  
  87  6:19  Zealot  
  89  6:27  Probe x2  
  91  6:38  Gateway  
  91  6:39  Gateway  
  91  6:41  Gateway  
  87  6:59  Zealot x2  
  91  7:12  Gateway  
  91  7:15  Gateway  
  91  7:17  Gateway  
  91  7:19  Gateway  
  91  7:22  Stalker x2  
  89  7:30  Shield Battery  
  83  7:41  Zealot x3  
  89  7:46  Probe x3  
  89  7:47  Zealot x2  
  96  7:51  Pylon  
  96  7:53  Pylon  
  96  7:54  Pylon  
  96  8:01  Zealot x3  
  100  8:08  Zealot x3  
  104  8:24  Zealot x5  
  104  8:25  Zealot  
  102  8:39  Zealot x3  
  98  8:44  Zealot x3  
  98  8:45  Zealot x3  
  76  9:08  Zealot x9  
  76  9:22  Templar Archives  
  76  9:23  Nexus  
Show
View Real Time Build Order
Export as new Build Order

Mixu Zerg - Winner!

Build Orders: Hatch First 

Get SALT Encoding   

  12  0:00  Drone  
  13  0:13  Overlord  
  13  0:17  Drone  
  14  0:32  Drone x2  
  16  0:47  Drone  
  17  0:54  Hatchery  
  17  0:55  Drone  
  17  0:59  Drone  
  18  1:09  Extractor  
  17  1:14  Spawning Pool  
  17  1:17  Drone  
  17  1:21  Drone  
  18  1:30  Drone  
  19  1:41  Drone  
  20  1:51  Overlord  
  20  2:06  Queen x2  
  20  2:07  Zergling x2  
  20  2:08  Drone  
  26  2:12  Drone  
  26  2:13  Metabolic Boost  
  27  2:18  Drone  
  29  2:22  Drone  
  29  2:27  Drone  
  30  2:36  Drone, Hatchery  
  30  2:39  Drone  
  31  2:45  Queen  
  31  2:49  Overlord  
  33  2:53  Drone  
  35  2:58  Drone  
  35  3:01  Drone  
  36  3:07  Queen  
  36  3:10  Drone x2  
  40  3:13  Drone x2  
  40  3:14  Overlord  
  40  3:18  Drone  
  43  3:26  Overlord  
  43  3:29  Zergling x2  
  43  3:32  Queen  
  46  3:34  Zergling x2  
  47  3:46  Queen  
  47  3:47  Overlord  
  47  3:48  Zergling x8  
  53  3:50  Drone  
  53  3:52  Drone  
  53  3:54  Drone x3  
  58  4:00  Overlord  
  58  4:06  Drone x3  
  60  4:11  Drone  
  60  4:16  Zergling x6  
  64  4:23  Zergling x6  
  66  4:27  Lair  
  66  4:28  Evolution Chamber  
  66  4:29  Overlord  
  66  4:30  Drone, Extractor  
  65  4:31  Drone  
  65  4:32  Drone x2  
  66  4:40  Drone  
  66  4:41  Drone x4  
  66  4:43  Overlord  
  71  4:52  Drone x5  
  75  4:54  Drone, Hatchery  
  73  5:02  Drone x3  
  73  5:05  Drone  
  76  5:08  Zerg Melee Weapons Level 1  
  76  5:09  Extractor  
  76  5:10  Overlord  
  76  5:11  Drone  
  76  5:13  Drone  
  76  5:14  Roach Warren  
  76  5:16  Drone x3  
  76  5:19  Extractor  
  76  5:20  Drone x2  
  79  5:26  Overlord  
  79  5:27  Zergling x2  
  79  5:30  Spire  
  79  5:33  Drone x2  
  79  5:34  Drone x4  
  84  5:36  Extractor  
  84  5:37  Extractor  
  82  5:45  Overlord  
  82  5:46  Zergling x10  
  87  5:53  Glial Reconstitution  
  87  6:03  Drone x4  
  91  6:06  Overlord x2  
  91  6:16  Overseer  
  91  6:22  Overlord  
  90  6:26  Zergling x2, Roach x4  
  90  6:27  Extractor  
  90  6:28  Extractor  
  101  6:33  Overlord  
  101  6:39  Overlord  
  101  6:41  Spore Crawler  
  101  6:43  Overlord, Corruptor x5  
  101  6:44  Corruptor x2  
  110  6:50  Corruptor  
  110  6:52  Queen  
  110  6:53  Drone x9  
  121  6:59  Corruptor  
  119  7:02  Drone x3  
  119  7:03  Corruptor  
  119  7:06  Corruptor  
  124  7:11  Overlord  
  120  7:18  Corruptor x2  
  124  7:27  Queen, Overlord x3  
  123  7:30  Zerg Flyer Weapons Level 1  
  123  7:31  Corruptor  
  117  7:40  Corruptor x3  
  117  7:43  Zergling x8  
  123  7:50  Drone x2  
  123  7:51  Drone x3  
  128  7:52  Corruptor  
  128  7:55  Roach x3  
  128  7:58  Roach x2  
  140  8:01  Roach x2  
  144  8:06  Roach x4  
  144  8:10  Roach x2  
  144  8:12  Roach  
  158  8:17  Roach x3  
  159  8:22  Roach x4  
  159  8:27  Roach x2  
  164  8:28  Ravager  
  164  8:29  Roach x2  
  164  8:30  Ravager  
  166  8:34  Roach x2  
  166  8:38  Roach x2  
  162  8:45  Overlord  
  162  8:47  Roach x3  
  166  8:54  Overlord  
  166  9:01  Overlord  
  158  9:04  Roach x4  
  159  9:11  Roach x5  
  159  9:14  Roach x3  
  159  9:15  Ravager x3  
  159  9:16  Ravager  
  177  9:22  Ravager, Baneling Nest  
Tags
 
Add a new tag
Caveats
  • Supply blocks, unpowered buildings, or Contaminate may cause inaccurate times.
  • Supply counts are checked every 10 seconds.